 Dungeon Crawl Stone Soup version 0.24.0-1-gfbc8707122 (webtiles) character file.

Game seed: 233332190362687094, levelgen mode: deterministic

145641 theswoord the Warrior (level 16, -7/214 HPs)
             Began as a Demonspawn Abyssal Knight on Oct 25, 2019.
             Was a High Priest of Lugonu.
             Killed from afar by a thorn hunter (25 damage)
             ... with a volley of thorns
             ... on level 4 of the Swamp on Oct 26, 2019.
             The game lasted 01:42:22 (34821 turns).

theswoord the Warrior (Demonspawn Abyssal Knight)  Turns: 34821, Time: 01:42:23

Health: -7/214     AC: 28    Str: 16    XL:     16   Next: 87%
Magic:  0/26       EV:  2    Int: 14    God:    Lugonu [*****.]
Gold:   1141       SH:  0    Dex: 21    Spells: 15/15 levels left

rFire    + + .     SeeInvis .   u - +3 dire flail (elec)
rCold    . . .     Gourm    .   (shield currently unavailable)
rNeg     + + +     Faith    .   (armour currently unavailable)
rPois    +         Spirit   +   (helmet currently unavailable)
rElec    .         Reflect  .   (cloak currently unavailable)
rCorr    .         Harm     .   (gloves unavailable)
MR       +....     NoTele   +   (boots currently unavailable)
Stlth    +++++.....             l - amulet of guardian spirit
HPRegen  0.45/turn              t - ring of Payvuu {rF++ rN+ Slay+2}
MPRegen  0.20/turn              K - ring of poison resistance

@: agile, lethally poisoned (-7 -> -10), tree-form
A: nightstalker 2, powered by pain 1
a: Depart the Abyss, Bend Space, Banish, Corrupt, Enter the Abyss, Renounce
Religion


You were on level 4 of the Swamp.
You worshipped Lugonu.
Lugonu was extremely pleased with you.
You were near starving.
You were a tree.
You visited 4 branches of the dungeon, and saw 27 of its levels.
You visited the Abyss 1 time.
You also visited: Bailey and Gauntlet.

You collected 2774 gold pieces.
You spent 1633 gold pieces at shops.

Inventory:

Hand Weapons
 u - a +3 dire flail of electrocution (weapon)
Armour
 f - a +3 plate armour (melded)
 g - a +2 hat of magic resistance (melded)
 m - the +2 cloak of Listlessness (melded) {Str+3 SInv}
   (You found it in a Gauntlet)

   It affects your strength (+3).
   It lets you see invisible.
 B - the +0 pair of boots of Broken Taboos (melded) {Str+6}
   (You found it in a Gauntlet)

   It affects your strength (+6).
Jewellery
 i - an uncursed ring of protection from fire
 l - an amulet of guardian spirit (around neck)
 s - an uncursed ring of see invisible {unknown}
 t - the ring of Payvuu (left branch) {rF++ rN+ Slay+2}
   (You bought it in a shop on level 2 of the Orcish Mines)

   [ring of positive energy]

   It affects your accuracy and damage with ranged weapons and melee attacks
   (+2).
   It greatly protects you from fire.
   It protects you from negative energy.
 x - a +1 ring of protection {unknown}
 y - a +1 ring of slaying
 C - an uncursed ring of protection from magic {unknown}
 H - an uncursed ring of magical power
 K - a ring of poison resistance (right branch)
Wands
 d - a wand of digging (8)
 n - a wand of iceblast (10)
 p - a wand of acid (19)
 A - a wand of scattershot (7)
Scrolls
 a - 3 scrolls of immolation
 b - 4 scrolls of fog
 h - a scroll of enchant armour
 j - 2 scrolls of fear
 k - 3 scrolls of identify
 o - 16 scrolls of remove curse
 q - a scroll of vulnerability
 D - a scroll of acquirement
 F - a scroll of noise {unknown}
 J - 9 scrolls of teleportation
Potions
 e - a potion of magic
 r - a potion of resistance
 w - a potion of brilliance
 z - a potion of lignification
 G - 4 potions of curing
 I - 3 potions of mutation
 L - 2 potions of invisibility
 M - 4 potions of flight
 O - a potion of might
Comestibles
 c - 44 rations


   Skills:
 * Level 17.7 Fighting
 - Level 13.9(14.0) Maces & Flails
   Level 2.0(9.5) Staves
 + Level 11.1 Armour
 + Level 11.0 Dodging
 - Level 13.6 Invocations


You had 15 spell levels left.
You didn't know any spells.
Your spell library contained the following spells:

 Spells                   Type           Power        Failure   Level  Hunger
 Animate Skeleton         Necr           N/A          28%         1    ##.....
 Apportation              Tloc           #.....       28%         1    ##.....
 Beastly Appendage        Tmut           #.....       28%         1    ##.....
 Confusing Touch          Hex            #.....       28%         1    ##.....
 Corona                   Hex            #......      28%         1    ##.....
 Magic Dart               Conj           #...         28%         1    ##.....
 Sandblast                Erth           #.....       28%         1    ##.....
 Summon Small Mammal      Summ           #...         28%         1    ##.....
 Blink                    Tloc           N/A          41%         2    ###....
 Call Imp                 Summ           #.......     41%         2    ###....
 Ensorcelled Hibernation  Hex/Ice        #.....       41%         2    ###....
 Passwall                 Tmut/Erth      #.......     41%         2    ###....
 Searing Ray              Conj           #.....       41%         2    ###....
 Shroud of Golubria       Chrm/Tloc      #.....       41%         2    ###....
 Sticks to Snakes         Tmut           #.......     41%         2    ###....
 Swiftness                Chrm/Air       #.......     41%         2    ###....
 Call Canine Familiar     Summ           #.......     65%         3    ####...
 Confuse                  Hex            #.......     65%         3    ####...
 Dazzling Spray           Conj/Hex       #.....       65%         3    ####...
 Gell's Gravitas          Tloc           #.........   65%         3    ####...
 Lesser Beckoning         Tloc           #.........   65%         3    ####...
 Regeneration             Chrm/Necr      #.........   65%         3    ####...
 Spectral Weapon          Hex/Chrm       #.......     65%         3    ####...
 Spider Form              Tmut/Pois      #.........   65%         3    ####...
 Stone Arrow              Conj/Erth      #.....       65%         3    ####...
 Summon Guardian Golem    Hex/Summ       #.......     65%         3    ####...
 Teleport Other           Tloc           #.......     65%         3    ####...
 Tukima's Dance           Hex            #.......     65%         3    ####...
 Force Lance              Conj/Tloc      #.......     96%         4    #####..
 Fulminant Prism          Conj/Hex       #.........   96%         4    #####..
 Ice Form                 Ice/Tmut       #.......     96%         4    #####..
 Iskenderun's Mystic Bla  Conj           #.......     96%         4    #####..
 Passage of Golubria      Tloc           N/A          96%         4    #####..
 Petrify                  Tmut/Erth      #.......     96%         4    #####..
 Summon Ice Beast         Ice/Summ       #.......     96%         4    #####..
 Summon Lightning Spire   Summ/Air       #.......     96%         4    #####..
 Blade Hands              Tmut           #.........   100%        5    ######.
 Lee's Rapid Deconstruct  Erth           #.........   100%        5    ######.
 Metabolic Englaciation   Hex/Ice        #.........   100%        5    ######.
 Summon Mana Viper        Hex/Summ       #.......     100%        5    ######.
 Yara's Violent Unravell  Hex/Tmut       #.........   100%        5    ######.
 Deflect Missiles         Chrm/Air       #.........   100%        6    #######


Dungeon Overview and Level Annotations

Branches:
Dungeon (15/15)            Temple (0/1) D:7            Lair (6/6) D:8
  Swamp (4/4) Lair:3       Spider (0/4) Lair:3        Slime (0/5) Lair:6
    Orc (2/2) D:9             Elf (0/3) Orc:2        Vaults (0/5) D:14
 Depths (0/5) D:15         Bailey (visited)         Gauntlet (visited)

Altars:
Elyvilon
Fedhas
Kikubaaqudgha
Makhleb
Okawaru
Qazlal
Sif Muna
Trog
Wu Jian
Yredelemnul
The Shining One
Beogh
Jiyva

Shops:
D:8 =   D:15 =*([   Orc:1 }:   Orc:2 *==:*%*

Annotations:
D:12 2 transporters
Lair:1 exclusion: 3 oklob plants
Lair:3 exclusion: oklob plant
Abyss:1 Nergalle, Sonja


Innate Abilities, Weirdness & Mutations

((You have claws for hands.))
((You are completely covered in iridescent scales. (AC +6)))
You are significantly more attuned to the shadows.
You sometimes gain a little power by taking damage.


Message History

The thorn hunter hits you.
* * * LOW HITPOINT WARNING * * *
The thorn hunter hits you but does no damage.
The hornet stings you but does no damage. x2
The thorn hunter hits you but does no damage. x2
You hit the hornet but do no damage. You completely miss the thorn hunter.
The thorn hunter is severely damaged.
You feel sick. The hornet stings you!
* * * LOW HITPOINT WARNING * * *
The hornet stings you!
* * * LOW HITPOINT WARNING * * *
The thorn hunter hits you but does no damage. x2
You swing at nothing.
You feel less invigorated.
You feel less confused.
You feel sick. The hornet barely misses you. The hornet stings you.
* * * LOW HITPOINT WARNING * * *
The thorn hunter fires a volley of thorns at you.
The volley of thorns hits you!!
You die...

≈≈...≈§.♣..♣♣♣♣♣♣.≈≈
≈≈≈........♣ ♣♣♣♣.≈≈
≈.♣♣...≈≈≈♣ ♣≈♣.≈≈≈
♣♣♣♣♣...≈≈≈♣ ♣≈≈.≈≈≈
♣≈........≈♣♣♣♣♣.≈≈≈
♣.≈≈≈..≈≈♣♣♣♣≈.≈.≈≈≈
♣≈≈≈≈.≈≈.♣♣♣..§≈≈.≈≈
♣≈yyf...≈.♣♣≈.≈≈≈.≈♣
♣..♣♣≈...≈♣≈♣.≈≈≈≈♣♣
♣♣♣♣♣♣♣♣♣♣≈.≈≈≈≈.♣♣≈
♣≈..§≈≈♣♣≈≈
..≈♣..≈..≈.
♣♣≈♣♣≈.≈≈≈≈≈
≈≈.≈♣≈...≈≈
♣...≈≈♣♣≈≈≈ ♣...≈
♣f≈≈ §≈.. .≈≈≈


You could see a thorn hunter and 2 hornets.

Vanquished Creatures
  Nikola (Swamp:3)
  3 thorn hunters
  Roxanne (D:14)
  The ghost of ventricule the Severer, an adept HuBe of Trog (Orc:2)
  An orc warlord (Bailey)
  The ghost of Akransas the Carver, a journeyman HuBe of Trog (Swamp:1)
  A minotaur (Gauntlet)
  8 vault guards (D:14)
  Josephine (D:13)
  9 hydras
  A centaur warrior (D:15)
  Erica (D:10)
  2 ghost crabs (Swamp:4)
  Harold (D:6)
  3 catoblepae (Lair:6)
  A death knight (D:13)
  12 alligators
  5 two-headed ogres
  5 shambling mangroves
  12 death yaks
  A tengu warrior (D:15)
  An orc high priest (Orc:2)
  2 skeletal warriors (D:15)
  3 spriggan druids
  An unseen horror (D:15)
  8 swamp dragons
  Pikel (D:5)
  2 wizards
  A phantasmal warrior (D:13)
  2 deep elf magi (D:15)
  A necromancer (D:15)
  An orc knight (Orc:1)
  A harpy (shapeshifter) (D:15)
  3 cyclopes
  4 manticores
  6 orc sorcerers
  5 ugly things
  4 black mambas
  A centaur zombie (D:11)
  A sphinx skeleton (D:15)
  12 spiny frogs
  2 gargoyles
  A centaur skeleton (D:13)
  A yaktaur zombie (D:15)
  2 komodo dragons
  A rime drake (Lair:3)
  5 trolls
  2 jumping spiders (Lair:3)
  A tengu conjurer (D:15)
  14 tyrant leeches
  A polar bear (Lair:5)
  14 hornets
  13 slime creatures
  Prince Ribbit (D:5)
  Grinder (D:3)
  24 blink frogs
  7 hippogriffs
  A meliai zombie (D:12)
  7 bog bodies
  Sigmund (D:4)
  9 shadows
  A fire dragon skeleton (D:15)
  10 spriggans
  A vampire (D:10)
  A spriggan skeleton (D:15)
  2 basilisks
  8 wraiths
  6 wyverns
  41 yaks
  19 vampire mosquitoes
  Grum (D:9)
  A hungry ghost (D:14)
  16 swamp worms
  Edmund (D:4)
  2 wargs
  17 insubstantial wisps
  An acid dragon (D:14)
  2 soldier ants
  11 water moccasins
  23 orc warriors
  9 porcupines
  2 eyes of draining
  A meliai simulacrum (D:15)
  5 sky beasts
  3 black bears
  4 slaves (D:5)
  8 necrophages
  11 swamp drakes
  4 ice beasts
  8 wolves
  3 phantoms
  9 ogres
  10 centaurs
  8 crocodiles
  4 big kobolds
  Blork the orc (D:6)
  17 bullfrogs
  2 wyvern skeletons
  6 scorpions
  5 howler monkeys
  2 vampire bats (D:3)
  8 crimson imps
  A bullfrog zombie (D:5)
  10 hounds
  Crazy Yiuf (D:3)
  21 orc priests
  3 jellies
  34 orc wizards
  A bullfrog skeleton (D:13)
  11 worker ants
  6 iguanas
  3 hound skeletons
  Robin (D:3)
  A worker ant zombie (D:7)
  A howler monkey skeleton (D:5)
  14 adders
  12 gnolls
  5 shadow imps
  2 white imps (Gauntlet)
  An ooze (D:3)
  2 adder skeletons
  5 worms
  4 dart slugs
  5 leopard geckos
  68 orcs
  4 bats
  2 bat skeletons (D:3)
  3 bat zombies (D:3)
  6 giant cockroaches
  17 goblins
  15 hobgoblins
  9 jackals
  5 quokkas
  4 frilled lizards
  40 kobolds
  A quokka zombie (D:5)
  10 rats
  A bush (D:14)
862 creatures vanquished.

Vanquished Creatures (others)
  7 hydras
  5 slime creatures
  A flayed ghost (D:15)
  An ugly thing (D:10)
  A freezing wraith (D:13)
  A hornet (Swamp:4)
  A quasit (D:10)
  A briar patch (Swamp:4)
  2 fungi
  A plant (Lair:1)
21 creatures vanquished.

Grand Total: 883 creatures vanquished

Notes
Turn   | Place    | Note
-------+----------+-------------------------------------------
     0 | Abyss:1  | theswoord the Demonspawn Abyssal Knight began the quest for
                  | the Orb.
     0 | Abyss:1  | Reached XP level 1. HP: 18/18 MP: 2/2
   110 | D:1      | Escaped the Abyss
   390 | D:1      | Gained mutation: You are partially covered in iridescent
                  | scales. (AC +2) [demonic ancestry]
   390 | D:1      | Reached XP level 2. HP: 18/24 MP: 3/3
   744 | D:1      | Reached ** piety under Lugonu
  1050 | D:2      | Gained mutation: You have sharp fingernails. [demonic
                  | ancestry]
  1050 | D:2      | Reached XP level 3. HP: 29/29 MP: 4/4
  1437 | D:2      | Found a faded altar of an unknown god.
  1586 | D:2      | Found a glowing golden altar of the Shining One.
  1755 | D:3      | Gained mutation: You have very sharp fingernails. [demonic
                  | ancestry]
  1755 | D:3      | Reached XP level 4. HP: 35/35 MP: 5/5
  1920 | D:3      | Noticed Robin
  1939 | D:3      | Killed Robin
  2055 | D:3      | Found a burning altar of Makhleb.
  2130 | D:3      | Reached *** piety under Lugonu
  2316 | D:3      | Reached XP level 5. HP: 40/41 MP: 6/6
  2330 | D:3      | Found an ancient bone altar of Kikubaaqudgha.
  2333 | D:3      | Reached skill level 5 in Maces & Flails
  2444 | D:3      | Noticed Grinder
  2449 | D:3      | Paralysed by Grinder for 4 turns
  2468 | D:3      | Paralysed by Grinder for 5 turns
  2475 | D:3      | Killed Grinder
  2475 | D:3      | Reached XP level 6. HP: 33/47 MP: 7/7
  2622 | D:3      | Found a runed translucent door.
  2623 | D:3      | Noticed Crazy Yiuf
  2678 | D:3      | Killed Crazy Yiuf
  2776 | D:3      | Found a stormy altar of Qazlal.
  3041 | D:4      | Reached skill level 1 in Staves
  3041 | D:4      | Reached XP level 7. HP: 52/52 MP: 8/8
  3297 | D:4      | Noticed Sigmund
  3325 | D:4      | Killed Sigmund
  3499 | D:4      | Found an ornate altar of the Wu Jian Council.
  3635 | D:4      | Noticed Edmund
  3649 | D:4      | Killed Edmund
  3940 | D:4      | Gained mutation: You are mostly covered in iridescent
                  | scales. (AC +4) [demonic ancestry]
  3940 | D:4      | Reached XP level 8. HP: 52/58 MP: 9/9
  4116 | D:5      | Entered Level 5 of the Dungeon
  4497 | D:5      | Reached **** piety under Lugonu
  4760 | D:5      | Noticed Pikel
  4779 | D:5      | Noticed Prince Ribbit
  4792 | D:5      | Killed Pikel
  4792 | D:5      | Reached skill level 10 in Maces & Flails
  4810 | D:5      | Killed Prince Ribbit
  4810 | D:5      | Reached XP level 9. HP: 30/63 MP: 10/10
  4883 | D:5      | Found a burning altar of Makhleb.
  5126 | D:6      | Got a scorched plate armour
  5136 | D:6      | Noticed Blork the orc
  5146 | D:6      | Killed Blork the orc
  5158 | D:6      | Identified the +3 plate armour of the Iron City of Dis
                  | {Int+5 Dex+2 Slay-2} (You found it on level 6 of the
                  | Dungeon)
  5162 | D:6      | Found a white marble altar of Elyvilon.
  5752 | D:7      | Noticed Harold
  5960 | D:6      | Killed Harold
  6266 | D:7      | Reached ***** piety under Lugonu
  6511 | D:7      | Found a staircase to the Ecumenical Temple.
  6580 | D:7      | Gained mutation: You are slightly more attuned to the
                  | shadows. [demonic ancestry]
  6580 | D:7      | Reached XP level 10. HP: 70/70 MP: 11/11
  7062 | D:7      | Noticed a moth of wrath
  7065 | D:7      | Found a bloodstained altar of Trog.
  7670 | D:8      | Found a flagged portal.
  7675 | Bailey   | Entered a bailey
  7723 | Bailey   | Noticed an orc warlord
  7840 | Bailey   | Found a runed translucent gate.
  7847 | Bailey   | Found a runed translucent gate.
  7848 | Bailey   | Found a runed translucent gate.
  8019 | Bailey   | Killed an orc warlord
  8019 | Bailey   | Reached skill level 4 in Fighting
  8068 | Bailey   | Identified a scroll of acquirement
  8193 | D:8      | Found an iron altar of Okawaru.
  8351 | D:8      | Found Anomudurph's Jewellery Emporium.
  8366 | D:8      | Bought a +1 ring of slaying for 96 gold pieces
  8461 | D:8      | Found a staircase to the Lair.
  8591 | Lair:1   | Entered Level 1 of the Lair of Beasts
  8709 | Lair:1   | Gained mutation: You have claws for hands. [demonic
                  | ancestry]
  8709 | Lair:1   | Reached XP level 11. HP: 68/78 MP: 13/16
  8812 | Lair:1   | Noticed Nergalle
  8813 | Lair:1   | Reached XP level 12. HP: 84/84 MP: 16/21
  8816 | Lair:1   | Banished Nergalle
  8930 | Lair:1   | Noticed Sonja
  9037 | Lair:1   | Banished Sonja
  9068 | Lair:1   | Reached skill level 5 in Fighting
  9998 | Lair:2   | Reached skill level 6 in Fighting
 10231 | Lair:2   | Reached skill level 7 in Fighting
 10567 | Lair:2   | You fall into a shaft and drop 1 floor!
 10622 | Lair:3   | Reached skill level 8 in Fighting
 10959 | Lair:3   | Found a hole to the Spider Nest.
 11005 | Lair:3   | Reached skill level 9 in Fighting
 11551 | Lair:3   | Noticed an eight-headed hydra
 11552 | Lair:3   | Noticed a five-headed hydra
 11559 | Lair:3   | Killed an eight-headed hydra
 11578 | Lair:3   | Reached skill level 10 in Fighting
 11583 | Lair:3   | Banished a five-headed hydra
 11822 | Lair:3   | Found a staircase to the Swamp.
 12635 | Lair:2   | Noticed a death yak
 12637 | Lair:2   | Noticed a death yak
 12638 | Lair:2   | Noticed a death yak
 12641 | Lair:2   | Noticed a death yak
 12644 | Lair:2   | Killed a death yak
 12644 | Lair:2   | Reached skill level 11 in Fighting
 12644 | Lair:2   | Noticed a death yak
 12670 | Lair:2   | Killed a death yak
 13118 | Lair:2   | Killed a death yak
 13118 | Lair:2   | Gained mutation: You sometimes gain a little power by
                  | taking damage. [demonic ancestry]
 13118 | Lair:2   | Reached XP level 13. HP: 80/105 MP: 16/23
 13931 | Lair:4   | Reached skill level 12 in Fighting
 14784 | Lair:5   | Got a slimy cloak
 14901 | Lair:6   | Entered Level 6 of the Lair of Beasts
 16086 | Lair:6   | Identified the +1 cloak of Terror {rPois} (You found it on
                  | level 5 of the Lair of Beasts)
 16132 | Lair:6   | Reached skill level 1 in Dodging
 16137 | Lair:6   | Found a staircase to the Slime Pits.
 16138 | Lair:6   | Found a viscous altar of Jiyva.
 16199 | Lair:6   | Reached skill level 13 in Fighting
 18020 | D:9      | Noticed Grum
 18029 | D:9      | Gained mutation: You are significantly more attuned to the
                  | shadows. [demonic ancestry]
 18029 | D:9      | Reached XP level 14. HP: 111/119 MP: 24/24
 18043 | D:9      | Killed Grum
 18191 | D:9      | Reached ****** piety under Lugonu
 18205 | D:9      | Reached skill level 5 in Armour
 18219 | D:9      | Found a shimmering blue altar of Sif Muna.
 18426 | D:9      | Found a staircase to the Orcish Mines.
 18577 | D:10     | Entered Level 10 of the Dungeon
 18762 | D:10     | Reached skill level 5 in Dodging
 18765 | D:10     | Noticed Erica
 18796 | D:10     | Killed Erica
 19233 | D:10     | Got a faintly glowing battleaxe
 19236 | D:10     | Identified the cursed +0 battleaxe "Vocaelog" {freeze,
                  | +Blink rF++ Dex-3 SInv} (You found it on level 10 of the
                  | Dungeon)
 19446 | D:11     | Reached skill level 14 in Fighting
 20269 | D:12     | Found a transporter.
 20959 | D:12     | Found a transporter.
 21056 | D:12     | Found a blossoming altar of Fedhas.
 21301 | D:13     | Noticed Josephine
 21310 | D:13     | Killed Josephine
 22867 | D:14     | Identified Roxanne's Volume of Earth
 22867 | D:14     | Noticed Roxanne
 22883 | D:14     | Killed Roxanne
 22983 | D:14     | Found a blossoming altar of Fedhas.
 23509 | D:14     | Reached skill level 15 in Fighting
 23509 | D:14     | Reached XP level 15. HP: 93/129 MP: 25/25
 23579 | D:14     | Found a gate to the Vaults.
 23947 | D:15     | Entered Level 15 of the Dungeon
 23987 | D:15     | Found a gate leading to a gauntlet.
 23995 | Gauntlet | Entered a Gauntlet
 23995 | Gauntlet | Found a transporter.
 23999 | Gauntlet | Found a transporter.
 24002 | Gauntlet | Found a transporter.
 24013 | Gauntlet | Found a transporter.
 24013 | Gauntlet | Found a transporter.
 24022 | Gauntlet | Found a transporter.
 24029 | Gauntlet | Found a transporter.
 24077 | Gauntlet | Found a transporter.
 24154 | Gauntlet | Found a transporter.
 24154 | Gauntlet | Found a transporter.
 24167 | Gauntlet | Found a transporter.
 24167 | Gauntlet | Found a transporter.
 24269 | Gauntlet | Got a clouded ruby amulet
 24406 | Gauntlet | Got a pair of spiked boots
 24417 | Gauntlet | Identified the +0 pair of boots of Broken Taboos {Str+6}
                  | (You found it in a Gauntlet)
 24557 | Gauntlet | Identified the +5 hand crossbow of Fear {penet, +Fly rPois
                  | Str+3 Int-3}
 24587 | Gauntlet | Identified Sif Muna's Handbook of the Eel
 24591 | Gauntlet | Got a shimmering cloak
 24596 | Gauntlet | Identified the Almanac of Beguiling
 24769 | D:15     | Found a staircase to the Depths.
 25135 | D:15     | Found Utocoywn's Antique Armour Shop.
 25247 | D:15     | Found Vausut's Jewellery Shoppe.
 25302 | D:15     | Found Eblocsa's Assorted Antiques.
 25308 | D:15     | Bought a scroll of teleportation for 117 gold pieces
 25308 | D:15     | Bought a scroll of identify for 78 gold pieces
 25308 | D:15     | Bought a scroll of identify for 78 gold pieces
 25308 | D:15     | Bought a scroll of identify for 78 gold pieces
 25308 | D:15     | Identified the amulet of Oleipnug {Harm *Drain rF+} (You
                  | found it in a Gauntlet)
 25309 | D:15     | Identified the +2 cloak of Listlessness {Str+3 SInv} (You
                  | found it in a Gauntlet)
 25483 | D:15     | Found Vaufec's Weapon Boutique.
 26006 | Orc:1    | Entered Level 1 of the Orcish Mines
 26385 | D:15     | Bought a steaming helmet for 266 gold pieces
 26395 | D:15     | Identified the +1 helmet of the Alphagorgon {Int-4 Dex+4}
                  | (You bought it in a shop on level 15 of the Dungeon)
 26537 | Orc:1    | Found Gina's Book Shop.
 26697 | Orc:2    | Entered Level 2 of the Orcish Mines
 26697 | Orc:2    | Found Hegosh's General Store.
 26700 | Orc:2    | Found a runed translucent door.
 27195 | Orc:2    | Found Cenudi's Jewellery Shoppe.
 27210 | Orc:2    | Bought the ring of Payvuu {rF++ rN+ Slay+2} for 740 gold
                  | pieces
 27252 | Orc:2    | Found a staircase to the Elven Halls.
 27302 | Orc:2    | Found Teaji's Assorted Antiques.
 27303 | Orc:2    | Found Veful's Food Emporium.
 27304 | Orc:2    | Found Unaex's Book Shoppe.
 27305 | Orc:2    | Found Joawki's Jewellery Shoppe.
 27430 | Orc:2    | Noticed ventricule's ghost (adept HuBe)
 27673 | Orc:2    | Found Vankitypt's Assorted Antiques.
 27679 | Orc:2    | Bought a potion of curing for 108 gold pieces
 27679 | Orc:2    | Bought a scroll of identify for 72 gold pieces
 27929 | Orc:1    | Found a roughly hewn altar of Beogh.
 28021 | Orc:1    | Found Veg Peumn's Gadget Shoppe.
 28177 | Orc:2    | Killed ventricule's ghost
 28790 | Swamp:1  | Entered Level 1 of the Swamp
 29058 | Swamp:1  | You fall into a shaft and drop 1 floor!
 29165 | Swamp:2  | Reached skill level 16 in Fighting
 29518 | Swamp:2  | Found a basalt altar of Yredelemnul.
 30033 | Swamp:1  | Found a large runed translucent door.
 30033 | Swamp:1  | Found a large runed translucent door.
 30040 | Swamp:1  | Noticed Akransas's ghost (journeyman HuBe)
 30116 | Swamp:1  | Killed Akransas's ghost
 30878 | Swamp:2  | Noticed a thorn hunter
 30902 | Swamp:2  | Killed a thorn hunter
 30902 | Swamp:2  | Gained mutation: You are completely covered in iridescent
                  | scales. (AC +6) [demonic ancestry]
 30902 | Swamp:2  | Reached XP level 16. HP: 68/139 MP: 13/26
 31257 | Swamp:2  | Reached skill level 10 in Armour
 31594 | Swamp:2  | You fall into a shaft and drop 1 floor!
 31982 | Swamp:2  | Reached skill level 10 in Dodging
 32617 | Swamp:3  | Noticed a thorn hunter
 32630 | Swamp:3  | Killed a thorn hunter
 33182 | Swamp:3  | Noticed Nikola
 33207 | Swamp:3  | Killed Nikola
 33207 | Swamp:3  | Reached skill level 17 in Fighting
 33657 | Swamp:4  | Entered Level 4 of the Swamp
 34401 | Swamp:4  | Noticed a thorn hunter
 34416 | Swamp:4  | Killed a thorn hunter
 34548 | Swamp:4  | Noticed a thorn hunter
 34807 | Swamp:4  | Paralysed by a hornet for 2 turns
 34821 | Swamp:4  | Killed from afar by a thorn hunter

Skill      XL: |  1  2  3  4  5  6  7  8  9 10 11 12 13 14 15 16 |
---------------+-------------------------------------------------+-----
Maces & Flails | 2 3 4 6 8 10 12 13 | 13.9
Staves         | 1 2 |  2.0
Fighting       | 4 11 13 15 16 17 | 17.7
Invocations    | 6 13 | 13.6
Dodging        | 4 7 9 11 | 11.0
Armour         | 4 8 9 11 | 11.1

Action                   |  1- 3 |  4- 6 |  7- 9 | 10-12 | 13-15 | 16-18 || total
-------------------------+-------+-------+-------+-------+-------+-------++-------
Melee: Mace              |   161 |   135 |       |       |       |       ||   296
       Quarterstaff      |       |     7 |    84 |       |       |       ||    91
       Dire flail        |       |       |   341 |   642 |  2009 |   538 ||  3530
       Unarmed           |       |       |     3 |       |       |       ||     3
Invok: Banish            |       |       |       |     5 |    13 |     9 ||    27
       Bend Space        |       |       |       |     1 |       |       ||     1
Evoke: Wand              |       |       |       |     2 |     5 |       ||     7
  Use: Scroll            |     6 |       |    10 |     6 |    23 |     2 ||    47
       Potion            |       |     6 |     3 |     7 |    13 |     4 ||    33
 Stab: Paralysed         |       |     2 |     2 |       |       |       ||     4
       Petrifying        |       |       |       |       |     2 |       ||     2
       Petrified         |       |       |       |       |     1 |       ||     1
  Eat: Chunk             |     3 |     4 |    12 |    22 |    50 |    11 ||   102
       Ration            |       |       |       |       |     4 |     1 ||     5
Armor: Leather armour    |    13 |       |       |       |       |       ||    13
       Plate armour      |   104 |   107 |   292 |   469 |   986 |   291 ||  2249
       Skin              |       |    40 |     5 |       |       |    20 ||    65
Dodge: Dodged            |    78 |    34 |    61 |   108 |   514 |   266 ||  1061

Levels and vault maps discovered:
D:1:      dpeg_arrival_boxes_within_box, layout_basic
D:2:      layout_rooms, chequers_ecumenical_altar_simple_redux,
          nicolae_tso_carved_into_rock
D:3:      layout_loops_cross, kennysheep_vampire_church, old_standard_altar,
          grunt_qazlal_clouds, uniq_crazy_yiuf_cottage, uniq_robin, uniq_grinder
D:4:      layout_basic, nicolae_overflow_crystal_walls, uniq_sigmund,
          uniq_edmund
D:5:      layout_basic, first_ration, makhleb_blood_cavern_becter,
          uniq_prince_ribbit1, uniq_pikel
D:6:      layout_loops_cross, basic_altar, uniq_blork_the_orc
D:7:      layout_basic, tgw_trog, minmay_temple_entry_offerings, uniq_harold
D:8:      layout_rooms, marbit_many_paths, grunt_lair_entry_orc_guard_hut,
          enter_bailey_1, serial_shops, shop, corexii_leaking_fountain
D:9:      layout_rooms, kennysheep_little_box, orc_0_dummy, uniq_grum
D:10:     layout_cave_pools, uniq_erica
D:11:     layout_basic
D:12:     gammafunk_wand_slinger, layout_cave_pods, basic_altar
D:13:     layout_rooms, uniq_josephine
D:14:     layout_loops_ring, erik_vaults_2, minmay_curled_crystal,
          hangedman_stone_soup, fedhas_bush_and_centaur_altar, uniq_roxanne
D:15:     gammafunk_depths_entry_grave, layout_irregular_city, serial_shops,
          nicolae_shop_trees, shop, shop, nicolae_shop_window_shopping,
          gauntlet_entry_generic, minmay_misc_feat_hallway
Lair:1:   layout_small_grid, minmay_lair_oklob_chamber, uniq_nergalle,
          uniq_sonja
Lair:2:   layout_roguey
Lair:3:   layout_small_grid, palyth_hydra_swamp_entry, spider_nest_entry_a,
          cheibrodos_lair_caveside_slide, roderic_carrion_pond
Lair:4:   layout_roguey, serial_bayou_shore_a, grunt_megastairs_4
Lair:5:   wad_woods_04, layout_regular_city, grunt_megastairs_2
Lair:6:   evilmike_catoblepas_cave, layout_loops_ring, slime_altar_1,
          small_statue_intersection
Swamp:1:  layout_basic_swamp, ebering_ghost_disaster_area,
          infiniplex_staircase_pool
Swamp:2:  layout_falls_marsh, nicolae_swamp_round_clearing, swamp_pool3,
          grunt_ruined_hall
Swamp:3:  layout_basic_swamp, serial_swamp_ruin, evilmike_swamp_ruin_house_4,
          evilmike_swamp_ruin_house_3, evilmike_swamp_ruin_house_2, uniq_nikola
Swamp:4:  swamp, layout_basic_swamp
Orc:1:    layout_caves, serial_shops, shop, nicolae_shop_stone,
          minmay_orc_temple_b
Orc:2:    st_orc_mages, layout_caves, serial_shops, shop, shop, shop,
          gammafunk_ghost_grave
